 Dungeon Crawl Stone Soup version 0.29-a0-1039-gfc20370e89 (webtiles) character file.

Game seed: 5221765904631464152

737 Plasmagod the Cleaver (level 7, -5/57 HPs)
             Began as a Minotaur Fighter on Aug 15, 2022.
             Slain by a gnoll sergeant
             ... wielding a +0 spear
              (10 damage)
             ... on level 5 of the Dungeon.
             The game lasted 00:04:44 (4376 turns).

Plasmagod the Cleaver (Minotaur Fighter)            Turns: 4376, Time: 00:04:44

Health: -5/57      AC:  8    Str: 23    XL:     7   Next: 46%
Magic:  6/6        EV:  9    Int:  5    God:
Gold:   259        SH:  4    Dex:  9    Spells: 6/6 levels left

rFire   . . .      SeeInvis .   a - +0 war axe
rCold   . . .      Faith    .   c - +0 buckler
rNeg    . . .      Spirit   .   b - +0 scale mail
rPois   .          Reflect  .   (helmet restricted)
rElec   .          Harm     .   p - +0 cloak
rCorr   .          Rampage  .   (no gloves)
Will    +....                   (no boots)
Stlth   ..........              (no amulet)
HPRegen 0.19/turn               f - ring of willpower
MPRegen 0.10/turn               (no ring)

@: no status effects
A: horns 2, retaliatory headbutt
a: no special abilities


You were on level 5 of the Dungeon.
You visited 1 branch of the dungeon, and saw 5 of its levels.

You collected 259 gold pieces.

Inventory:

Hand Weapons
 a - a +0 war axe (weapon)
Armour
 b - a +0 scale mail (worn)
 c - a +0 buckler (worn)
 p - a +0 cloak (worn)
Jewellery
 f - a ring of willpower (left hand)
 w - a ring of protection from cold
 z - an amulet of regeneration
Wands
 s - a wand of polymorph (7)
 y - a wand of roots (11)
Scrolls
 e - 3 scrolls of teleportation {unknown}
 g - a scroll of brand weapon {unknown}
 i - 2 scrolls of noise {unknown}
 j - 3 scrolls of identify {unknown}
 m - a scroll of amnesia {unknown}
 n - a scroll of enchant weapon {unknown}
 q - a scroll of fear {unknown}
 r - 2 scrolls of poison {unknown}
 u - a scroll of vulnerability {unknown}
 x - a scroll of enchant armour {unknown}
Potions
 d - 2 potions of might
 h - 5 potions of curing {unknown}
 k - a potion of invisibility
 l - 3 potions of attraction {unknown}
 o - a potion of mutation {unknown}
 t - 2 potions of heal wounds {unknown}
 v - a potion of degeneration {unknown}


   Skills:
 - Level 3.6 Fighting
 + Level 10.2 Axes
 - Level 3.6 Armour
 - Level 3.6 Shields


You had 6 spell levels left.
You didn't know any spells.
Your spell library contained the following spells:

 Spells                   Type           Power      Damage    Failure   Level
 Magic Dart               Conj           0%         1d3       86%         1
 Summon Small Mammal      Summ           0%         N/A       86%         1
 Searing Ray              Conj           0%         2d4       95%         2
 Call Canine Familiar     Summ           0%         N/A       99%         3
 Summon Guardian Golem    Hex/Summ       0%         N/A       99%         3
 Fulminant Prism          Conj/Hex       0%         3d6       100%        4
 Freezing Cloud           Conj/Ice/Air   0%         6-21      100%        5
 Simulacrum               Ice/Necr       0%         N/A       100%        6
 Polar Vortex             Ice            0%         N/A       100%        9


Dungeon Overview and Level Annotations

Branches:
Dungeon (5/15)
 Temple: D:4-7

Altars:
Wu Jian

Shops:
D:1 !   D:2 :


Innate Abilities, Weirdness & Mutations

You have a pair of horns on your head.
You reflexively headbutt those who attack you in melee.


Message History

You slash the gnoll!
You kill the gnoll!
You hit the gnoll sergeant. You slash the hound! You slash the gnoll!
You closely miss the gnoll. The hound bites you but does no damage.
The gnoll hits you but does no damage. The gnoll barely misses you.
You furiously retaliate!
You headbutt the gnoll, but do no damage.
You block the gnoll sergeant's attack. The hound bites you but does no damage.
The hound attacks as you move away! The hound bites you but does no damage.
The gnoll hits you with a +0 club. The gnoll hits you but does no damage.
The gnoll sergeant hits you from afar with a +0 spear!
You see here a +1 halberd of venom.
You slash the gnoll!
You kill the gnoll!
You barely miss the hound. You hit the gnoll.
You kill the gnoll!
The hound bites you.
The gnoll sergeant hits you but does no damage.
The hound bites you but does no damage.
You closely miss the hound.
The hound is severely wounded.
The hound bites you but does no damage.
The gnoll sergeant hits you from afar with a +0 spear.
You closely miss the hound.
The hound is severely wounded.
The hound bites you.
The gnoll sergeant hits you from afar with a +0 spear.
* * * LOW HITPOINT WARNING * * *
The hound barely misses you.
You slash the hound!
You kill the hound!
The gnoll sergeant hits you from afar with a +0 spear!
* * * LOW HITPOINT WARNING * * *
The gnoll sergeant hits you but does no damage.
Things that are here:
a book of Debilitation; a hound corpse You hit the gnoll sergeant.
The gnoll sergeant is moderately wounded.
The gnoll sergeant hits you with a +0 spear!
You die...

.. #..# #....... #.
#..# #####...
####.#####..########..#
#.......##.. #.........
#.......##.. #.#####..#
.##.......##.###.# #...
..........##<....# #.##
#....)).##.##### #.#
#....)@.##.# #.#
..>.....g.##.# #.#
.###.#.....#.# #..
#.........# ###
###.......# #>........#
#.........# #.).......#
##.......##


You could see a gnoll sergeant.

Vanquished Creatures
  A black bear (D:5)
  3 necrophages
  A scorpion (D:4)
  A howler monkey (D:4)
  An orc priest (D:4)
  2 hounds
  An orc wizard (D:5)
  5 adders
  10 gnolls
  A white imp (D:4)
  2 worms (D:2)
  6 dart slugs
  7 orcs
  6 ball pythons
  13 endoplasms
  6 giant cockroaches
  7 goblins
  9 hobgoblins
  A quokka (D:4)
  4 bats
  5 frilled lizards
  6 kobolds
  6 rats
104 creatures vanquished.

Notes
Turn   | Place    | Note
-------+----------+-------------------------------------------
     0 | D:1      | Plasmagod the Minotaur Fighter began the quest for the Orb.
     0 | D:1      | Reached XP level 1. HP: 19/19 MP: 0/0
   292 | D:1      | Reached skill level 3 in Axes
   292 | D:1      | Reached XP level 2. HP: 25/26 MP: 1/1
   490 | D:1      | Found a faded altar of an unknown god.
   531 | D:1      | Reached skill level 4 in Axes
   795 | D:1      | Reached XP level 3. HP: 31/31 MP: 2/2
   953 | D:1      | Found Gamos's Distillery.
  1811 | D:2      | Found Mune Kat's Vocational Training.
  1813 | D:2      | Reached skill level 5 in Axes
  1875 | D:2      | Reached XP level 4. HP: 39/39 MP: 3/3
  2086 | D:2      | Found an ornate altar of the Wu Jian Council.
  2099 | D:2      | Reached skill level 6 in Axes
  2217 | D:3      | You fall into a shaft and drop 1 floor!
  2510 | D:3      | Noticed a necrophage
  2514 | D:3      | Killed a necrophage
  2515 | D:3      | Reached XP level 5. HP: 41/45 MP: 4/4
  3142 | D:4      | Reached skill level 7 in Axes
  3165 | D:4      | Reached XP level 6. HP: 31/51 MP: 5/5
  3323 | D:4      | Reached skill level 8 in Axes
  3735 | D:4      | Identified the +5 whip "Tesm" {antimagic, +Blink Dex+5}
  3824 | D:4      | Reached skill level 9 in Axes
  4197 | D:5      | Entered Level 5 of the Dungeon
  4205 | D:5      | Reached XP level 7. HP: 49/57 MP: 6/6
  4343 | D:5      | Reached skill level 10 in Axes
  4376 | D:5      | Slain by a gnoll sergeant

Illustrated notes

Levels and vault maps discovered:
D:1:      saegor_arrival_fortress, layout_loops_ring, serial_shops, shop,
          nicolae_ecumenical_snake_handling
D:2:      layout_basic, basic_altar, nicolae_shop_vocational
D:3:      layout_basic
D:4:      layout_cave_pools, nicolae_concentric_dashed_squares_wild
D:5:      layout_loops_ring, nicolae_overflow_two_pavilions,
          portal_sewer_entry_b, corexii_item_surrounded_by_moat

Skill      XL: |  1  2  3  4  5  6  7 |
---------------+----------------------+-----
Axes           | 3 4 5 6 7 9 10 | 10.2
Fighting       | |  3.6
Armour         | |  3.6
Shields        | |  3.6

Action                   |  1- 3 |  4- 6 |  7- 9 || total
-------------------------+-------+-------+-------++-------
Melee: War axe           |    89 |   111 |    23 ||   223
       Headbutt          |     6 |    17 |       ||    23
 Stab: Distracted        |       |     1 |       ||     1
Armor: Scale mail        |    37 |    37 |    24 ||    98
Dodge: Dodged            |    53 |    46 |    10 ||   109
Block: Buckler           |    18 |    21 |     6 ||    45

Table legend: (Time is in decaauts)
 A = Elapsed time spent in this place.
 B = Non-inter-level travel time spent in this place.
 C = Inter-level travel time spent in this place.
 D = Time resting spent in this place.
 E = Time spent auto-exploring this place.
 F = Levels seen in this place.
 G = Mean time per level.
                   A        B        C        D        E       F      G
               +--------+--------+--------+--------+--------+-----+--------+
         Total |   4423 |   4332 |     91 |    247 |   3413 |   5 |  884.6 |
       Dungeon |   4423 |   4332 |     91 |    247 |   3413 |   5 |  884.6 |
               +--------+--------+--------+--------+--------+-----+--------+

Top non-repeatable levels by time:
     D:1: 1500 daAuts
     D:4: 1076 daAuts
     D:3: 940 daAuts
     D:2: 725 daAuts
     D:5: 180 daAuts
